 Dungeon Crawl Stone Soup version 0.29.1-13-g9f3cf754e1 (webtiles) character file.

Game seed: 156348374417476122

15 Hrothgar the Trooper (level 2, -1/24 HPs)
             Began as a Demonspawn Fighter on Jan 29, 2023.
             Slain by a goblin
             ... wielding a +0 club
             ... led by Robin
              (3 damage)
             ... on level 2 of the Dungeon.
             The game lasted 00:02:22 (557 turns).

Hrothgar the Trooper (Demonspawn Fighter)            Turns: 557, Time: 00:02:24

Health: -1/24      AC:  6    Str: 16    XL:     2   Next: 34%
Magic:  2/2        EV:  8    Int:  9    God:
Gold:   47         SH:  4    Dex: 12    Spells: 1/1 levels left

rFire   . . .      SeeInvis .   a - +1 war axe
rCold   + . .      Faith    .   c - +0 buckler
rNeg    . . .      Spirit   .   b - +0 scale mail
rPois   .          Reflect  .   (no helmet)
rElec   .          Harm     .   (no cloak)
rCorr   .          Rampage  .   (no gloves)
Will    .....                   (no boots)
Stlth   ..........              (no amulet)
HPRegen 0.08/turn               e - ring of protection from cold
MPRegen 0.08/turn               (no ring)

@: no status effects
A: demonic touch 1
a: no special abilities


You were on level 2 of the Dungeon.
You visited 1 branch of the dungeon, and saw 2 of its levels.

You collected 47 gold pieces.

Inventory:

Hand Weapons
 a - a +1 war axe (weapon)
Missiles
 f - 2 boomerangs (quivered)
 h - a throwing net
Armour
 b - a +0 scale mail (worn)
 c - a +0 buckler (worn)
Jewellery
 e - a ring of protection from cold (left hand)
Scrolls
 g - a scroll of teleportation {unknown}
Potions
 d - a potion of might


   Skills:
 * Level 3.2 Fighting
 * Level 1.8 Axes
 * Level 0.2 Throwing
 * Level 2.8 Armour
 * Level 0.2 Dodging
 * Level 0.4 Stealth
 * Level 2.8 Shields


You had one spell level left.
You didn't know any spells.
Your spell library was empty.

Dungeon Overview and Level Annotations

Branches:
Dungeon (2/15)

Altars:

Annotations:
D:2 Robin


Innate Abilities, Weirdness & Mutations

Your touch may inflict minor irresistible damage on your foes.


Message History

The hobgoblin is heavily wounded.
You slash the goblin!
You kill the goblin!
The hobgoblin hits you.
You barely miss the hobgoblin.
The hobgoblin is heavily wounded.
You block the hobgoblin's attack.
You closely miss the hobgoblin.
The hobgoblin is heavily wounded.
Robin throws the goblin at you! The goblin hits you with a +0 dagger.
Robin throws the goblin at you! The goblin hits you with a +0 dagger.
The hobgoblin hits you but does no damage.
The goblin barely misses you.
A hobgoblin comes into view.
Okay, then.
Okay, then.
You barely miss the goblin.
The hobgoblin shouts!
You hit the hobgoblin. You completely miss the goblin.
You closely miss the goblin.
You hear a shout!
You block the goblin's attack. The goblin hits you but does no damage.
The hobgoblin closely misses you. The goblin hits you but does no damage.
You miss the goblin. You closely miss the goblin.
You barely miss the hobgoblin. You hit the goblin.
The goblin hits you with a +0 club. The hobgoblin barely misses you.
The goblin hits you with a +0 club. The goblin hits you but does no damage.
The goblin hits you with a +0 club.
* * * LOW HITPOINT WARNING * * *
You block the hobgoblin's attack. The goblin barely misses you.
The goblin hits you with a +0 dagger.
* * * LOW HITPOINT WARNING * * *
Robin's horned helmet rattles.
You closely miss the goblin. You barely miss the hobgoblin.
You barely miss the goblin. You hit the goblin.
You kill the goblin!
The goblin hits you with a +0 dagger.
* * * LOW HITPOINT WARNING * * *
The goblin hits you with a +0 club.
You die...

....# #.g. #.#
....###..# #.# ....#...#
... ......# #.##
<....###### ##..
~~..~.~..~# #..#
.≈≈.~≈.~~)#####..#
≈≈≈~≈~~~.....##)g###.#.#
≈≈≈≈≈≈≈~.....#.g@gggg...
~~~~≈~≈≈~....#.####.....
≈~.~~~~≈~~.....# ####
~~._.≈≈≈~~...###
~~..~≈≈≈~....#
~~~~≈≈≈.....#
~≈≈≈≈≈≈~.#### ~~~≈~≈~..#
.≈.......#


You could see Robin, 3 hobgoblins and 2 goblins.

Vanquished Creatures
  4 goblins (D:2)
  A hobgoblin (D:1)
  4 jackals (D:1)
  2 kobolds
  A bat (D:1)
  2 rats
14 creatures vanquished.

Notes
Turn   | Place    | Note
-------+----------+-------------------------------------------
     0 | D:1      | Hrothgar the Demonspawn Fighter began the quest for the
                  | Orb.
     0 | D:1      | Reached XP level 1. HP: 18/18 MP: 1/1
   233 | D:1      | Discovered your monstrous ancestry.
   233 | D:1      | Gained mutation: Your touch may inflict minor irresistible
                  | damage on your foes. [demonic ancestry]
   233 | D:1      | Reached XP level 2. HP: 7/24 MP: 2/2
   459 | D:2      | Found a faded altar of an unknown god.
   550 | D:2      | Noticed Robin
   557 | D:2      | Slain by a goblin

Illustrated notes

Levels and vault maps discovered:
D:1:      lemuel_arrival_cross, layout_basic
D:2:      layout_rooms, chequers_ecumenical_altar_island,
          minmay_misc_feat_secret_circle, minmay_misc_feat_cross, uniq_robin

Action                   || total
-------------------------++-------
Melee: War axe           ||    35
Throw: Boomerang         ||     6
  Use: Scroll            ||     1
Armor: Scale mail        ||    44
Dodge: Dodged            ||    30
Block: Buckler           ||    10
